 Dungeon Crawl Stone Soup version 0.20.1-1-g8b1a95d (webtiles) character file.

268 vishdafish the Shield-Bearer (level 6, -7/48 HPs)
             Began as a Formicid Fighter on July 13, 2017.
             Killed from afar by an orc wizard (8 damage)
             ... with a magic dart
             ... on level 3 of the Dungeon.
             The game lasted 00:05:14 (2693 turns).

vishdafish the Shield-Bearer (Formicid Fighter)     Turns: 2693, Time: 00:05:14

Health: -7/48      AC:  7    Str: 21    XL:     6   Next: 45%
Magic:  6/6        EV:  8    Int:  8    God:
Gold:   236        SH: 10    Dex: 11    Spells: 5/5 levels left

rFire    . . .     SeeInvis +   a - +0 war axe
rCold    . . .     Gourm    .   c - +0 shield
rNeg     . . .     Faith    .   b - +0 scale mail
rPois    .         Spirit   .   (helmet unavailable)
rElec    .         Reflect  .   (no cloak)
rCorr    .         Harm     .   (no gloves)
MR       .....                  (no boots)
Stlth    ..........             (no amulet)
Regen    0.2/turn               (no ring)
MPRegen  0.1/turn               (no ring)

@: no status effects
A: permanent stasis, dig shafts and tunnels, four strong arms, antennae 3
a: Dig, Shaft Self


You were on level 3 of the Dungeon.
You were not hungry.

You visited 1 branch of the dungeon, and saw 3 of its levels.

You collected 236 gold pieces.

Inventory:

Hand Weapons
 a - a +0 war axe (weapon)
 s - a +1 whip of electrocution
Missiles
 p - 37 bolts
Armour
 b - a +0 scale mail (worn)
 c - a +0 shield (worn)
Scrolls
 e - 2 scrolls of remove curse {unknown}
 i - a scroll of noise {unknown}
 j - 2 scrolls of identify {unknown}
 m - a scroll of random uselessness {unknown}
 n - a scroll of enchant armour {unknown}
 w - a scroll of recharging {unknown}
 y - a scroll of fear {unknown}
 A - a scroll of enchant weapon {unknown}
Potions
 d - 2 potions of might
 h - a potion of magic {unknown}
 k - a potion of curing {unknown}
 o - 2 potions of heal wounds {unknown}
 q - a potion of berserk rage {unknown}
 r - 2 potions of lignification {unknown}
 t - a potion of flight {unknown}
 v - a potion of mutation {unknown}
 x - a potion of resistance {unknown}
 z - a potion of agility {unknown}
Comestibles
 f - 4 bread rations
 g - a meat ration
 l - a royal jelly
 u - 4 fruits


   Skills:
 + Level 4.1 Fighting
 * Level 4.5 Axes
 + Level 4.2 Armour
 + Level 4.9 Shields


You had 5 spell levels left.
You didn't know any spells.

Dungeon Overview and Level Annotations

Branches:
Dungeon (3/15)

Altars:
Dithmenos


Innate Abilities, Weirdness & Mutations

You cannot be hasted, slowed, berserked, paralysed or teleported.
You can dig through walls and to a lower floor.
Your four strong arms can wield two-handed weapons with a shield.
You have a pair of large antennae on your head. (SInv)


Message History

You block the orc wizard's attack.
The orc wizard gestures at you while chanting.
The puff of flame hits you!
* * * LOW HITPOINT WARNING * * *
The orc wizard points at you and mumbles some strange words.
The magic dart hits the orc wizard.
There is a large open door here.
You hit the orc wizard but do no damage.
The orc wizard is heavily wounded.
The orc wizard points at you and mumbles some strange words.
The puff of frost hits you!
* * * LOW HITPOINT WARNING * * *
The orc wizard closely misses you.
Okay, then.
Are you sure you want to shaft yourself?
You feel quite a bit more hungry.
The orc wizard hits you but does no damage.
The orc wizard casts a spell at you. The magic dart hits you!
You die...

# #...# #...# #
#...# #...# .......
# #...# #...#
....... # #...#
#...# .......
######...# #...#
....... .....)...#
#...# .......
.#####...# #)..#
....... .#
###.####...##o......
.#
#....'...@oo......
.#
######...##o......
.# #...# ....... .#
#...# ##.#### .#
#...# .# .# ##### #
.# .# .#


You could see 3 orc wizards and an orc.

Vanquished Creatures
  The ghost of polve the Slasher, an amateur DsAK of Lugonu (D:3)
  An orc priest (D:3)
  An adder (D:3)
  2 oozes (D:3)
  3 worms
  3 dart slugs
  A leopard gecko (D:3)
  9 orcs (D:3)
  10 bats
  4 giant cockroaches
  2 goblins
  6 hobgoblins
  3 jackals (D:1)
  A quokka (D:3)
  A ball python (D:2)
  8 frilled lizards
  6 kobolds
  10 rats
72 creatures vanquished.

Notes
Turn   | Place    | Note
-------+----------+-------------------------------------------
     0 | D:1      | vishdafish the Formicid Fighter began the quest for the Orb.
     0 | D:1      | Reached XP level 1. HP: 18/18 MP: 1/1
   188 | D:1      | Reached XP level 2. HP: 22/24 MP: 2/2
   644 | D:1      | Reached XP level 3. HP: 29/29 MP: 3/3
  1552 | D:2      | Reached XP level 4. HP: 35/35 MP: 4/4
  2217 | D:3      | Found a shadowy altar of Dithmenos.
  2364 | D:3      | Reached XP level 5. HP: 41/42 MP: 5/5
  2468 | D:3      | Noticed polve's ghost (amateur DsAK)
  2501 | D:3      | Killed polve's ghost
  2501 | D:3      | Reached XP level 6. HP: 34/48 MP: 6/6
  2692 | D:3      | HP: 1/48 [orc wizard/puff of frost (12)]
  2693 | D:3      | Killed from afar by an orc wizard

Skill      XL: |  1  2  3  4  5 |
---------------+----------------+-----
Shields        | 4 |  4.9
Axes           | 3 4 |  4.5
Fighting       | 4 |  4.1
Armour         | 4 |  4.2

Action                   |  1- 3 |  4- 6 || total
-------------------------+-------+-------++-------
Melee: War axe           |   160 |   111 ||   271
 Abil: Shaft Self        |       |     1 ||     1
  Use: Potion            |       |     1 ||     1
  Eat: Chunk             |     2 |       ||     2
       Bread ration      |       |     1 ||     1
Armor: Scale mail        |    91 |    45 ||   136
Dodge: Dodged            |    59 |    42 ||   101
Block: Shield            |   112 |    54 ||   166
